 Dungeon Crawl Stone Soup version 0.21.0-3-g78d12a8 (webtiles) character file.

6146 troglodite the Skirmisher (level 10, -1/79 HPs)
             Began as a Demonspawn Berserker on Jan 10, 2018.
             Was a High Priest of Trog.
             Slain by a red devil
             ... wielding a +0 demon trident of draining
              (5 damage)
             ... on level 9 of the Dungeon.
             The game lasted 00:25:07 (7944 turns).

troglodite the Skirmisher (Demonspawn Berserker)    Turns: 7944, Time: 00:25:09

Health: -1/79      AC: 13    Str: 18    XL:     10   Next: 59%
Magic:  10/10      EV:  3    Int:  8    God:    Trog [*****.]
Gold:   542        SH: 17    Dex: 16    Spells: 9/9 levels left

rFire    . . .     SeeInvis .   E - +1 scimitar (flame)
rCold    + . .     Gourm    .   t - +0 large shield
rNeg     . . .     Faith    .   C - +0 plate armour
rPois    +         Spirit   .   (helmet restricted)
rElec    .         Reflect  .   m - +0 cloak
rCorr    .         Harm     .   (no gloves)
MR       .....                  (no boots)
Stlth    ..........             D - amulet of regeneration
HPRegen  0.63/turn              h - ring of stealth
MPRegen  0.12/turn              p - ring of poison resistance

@: berserk cooldown, slowed, heavily drained, very slow
A: beak, hooves 2, horns 1, large bone plates 1, cold resistance 1, powered by
pain 2, freezing cloud immunity
a: Berserk, Trog's Hand, Brothers in Arms, Burn Spellbooks, Renounce Religion


You were on level 9 of the Dungeon.
You worshipped Trog.
Trog was extremely pleased with you.
You were hungry.

You visited 1 branch of the dungeon, and saw 9 of its levels.

You collected 542 gold pieces.

Inventory:

Hand Weapons
 E - a +1 scimitar of flaming (weapon)
Missiles
 l - 226 stones (quivered)
Armour
 m - a +0 cloak (worn)
 t - a +0 large shield (worn)
 C - a +0 plate armour (worn)
Jewellery
 h - a ring of stealth (left hand)
 p - a ring of poison resistance (right hand)
 D - an amulet of regeneration (around neck)
Wands
 r - a wand of disintegration (15)
 u - a wand of digging (14)
 y - a wand of random effects (27)
 A - a wand of scattershot (2)
 F - a wand of clouds (5)
Scrolls
 e - 3 scrolls of identify
 f - 3 scrolls of magic mapping {unknown}
 g - 9 scrolls of remove curse
 i - 3 scrolls of teleportation
 j - 4 scrolls of blinking {unknown}
 s - a scroll of amnesia {unknown}
 w - 2 scrolls of immolation {unknown}
 B - a scroll of acquirement {unknown}
Potions
 b - a potion of resistance
 d - a potion of cancellation
 k - 2 potions of heal wounds
 n - 6 potions of curing
 q - a potion of might
 v - a potion of brilliance
 x - 2 potions of mutation
 z - a potion of lignification
Books
 a - a book of Transfigurations

   Spells                             Type                      Level
   a - Irradiate                      Conjuration/Transmutation    5
   b - Statue Form                    Transmutation/Earth          6
   c - Hydra Form                     Transmutation                6
   d - Dragon Form                    Transmutation                7
   Trog disapproves of the use of such an item.
Comestibles
 c - 12 rations
 o - 5 chunks of flesh


   Skills:
 * Level 7.3(5.0) Fighting
 + Level 3.7(1.6) Long Blades
   Level 6.1(3.9) Maces & Flails
 * Level 6.7(4.5) Armour
 * Level 5.8(3.7) Dodging
 * Level 5.9(3.7) Stealth
 * Level 5.3(3.1) Shields


You had 9 spell levels left.
You didn't know any spells.

Dungeon Overview and Level Annotations

Branches:
Dungeon (9/15)             Temple (0/1) D:6            Lair (0/6) D:8
    Orc: D:9-12

Altars:
Ashenzari
Dithmenos
Hepliaklqana
Nemelex Xobeh
Qazlal
Vehumet
Wu Jian
Yredelemnul

Shops:
D:4 (


Innate Abilities, Weirdness & Mutations

You have hoof-like feet.
You are partially covered in large bone plates. (SH +4)
Your flesh is cold resistant. (rC+)
You sometimes gain power by taking damage.
You are immune to freezing clouds.
You have a beak for a mouth.
You have a pair of small horns on your head.


Message History

The red devil is almost dead.
The red devil hops backward while attacking.
You block the red devil's attack.
The red devil hops backward while attacking.
The red devil hits you from afar with a demon trident of draining!
* * * LOW HITPOINT WARNING * * *
You feel drained.
* * * LOW HITPOINT WARNING * * *
You feel a strong urge to attack something.
You are no longer berserk.
You are exhausted.
You feel yourself slow down.
You are feeling hungry.
Your shield and plate armour prevent you from hitting the red devil.
Your headbutt misses the red devil.
You peck the red devil, but do no damage.
The red devil is almost dead.
The red devil hops backward while attacking.
The red devil hits you from afar with a demon trident of draining.
You die...

.......# #..≈§§555.≈≈..
.......# #≈.≈≈≈4455≈§§.
#......## #≈.≈≈≈≈§≈≈§§.#
####....###≈..§≈≈≈≈§≈≈.#
#.#.#.##≈..≈§≈≈≈≈≈§.#
#..............§§§§.#
#.#.#.####...4..§§§.#
##...## ##....§.§..#
##.## ##.@.....## #.#
##........ ######.#
#.####### ......># #.#
######.# #.# #.# #.#
######.# #.# .......#
#.# ######....... ..#


You could see an orange demon, a rust devil, a red devil and 2 iron imps.

Vanquished Creatures
  Erica (D:9)
  A two-headed ogre (D:8)
  Joseph (D:8)
  The ghost of mopl the Ruffian, a novice BaTm of Cheibriados (D:9)
  Prince Ribbit (D:8)
  A hippogriff (D:7)
  Sigmund (D:2)
  A steam dragon (D:9)
  A hungry ghost (D:9)
  Duvessa (D:4)
  A hornet zombie (D:9)
  3 ice beasts
  An orc warrior (D:7)
  4 sky beasts
  3 ogres
  The ghost of dscm the Grave Robber, an amateur OpNe (D:4)
  2 bullfrogs
  2 big kobolds
  A wyvern zombie (D:5)
  Dowan (D:4)
  3 scorpions
  2 howler monkeys
  4 crimson imps
  A bullfrog zombie (D:7)
  A quasit (D:9)
  Crazy Yiuf (D:2)
  A hound (D:6)
  A jelly (D:7)
  2 bullfrog skeletons
  3 centaur skeletons
  3 orc priests
  An iguana (D:4)
  Jessica (D:2)
  5 orc wizards
  6 worker ants
  A killer bee zombie (D:7)
  The ghost of dscm the Grave Robber, a weakling OpNe (D:6)
  A hound skeleton (D:4)
  A worker ant zombie (D:5)
  4 gnolls (D:7)
  11 adders
  3 shadow imps
  An ooze (D:2)
  An adder zombie (D:5)
  An adder skeleton (D:5)
  2 worms (D:2)
  2 dart slugs (D:1)
  The ghost of dscm the Grave Robber, a weakling OpNe (D:3)
  4 leopard geckos
  26 orcs
  3 ball pythons
  3 giant cockroaches
  10 goblins
  12 hobgoblins
  13 jackals
  18 kobolds
  4 quokkas
  9 bats
  6 frilled lizards
  A quokka skeleton (D:3)
  8 rats
  A spectral orc (D:8)
212 creatures vanquished.

Vanquished Creatures (collateral kills)
  5 yaks (D:6)
  A bullfrog (D:6)
6 creatures vanquished.

Vanquished Creatures (others)
  7 toadstools (D:1)
7 creatures vanquished.

Grand Total: 225 creatures vanquished

Notes
Turn   | Place    | Note
-------+----------+-------------------------------------------
     0 | D:1      | troglodite the Demonspawn Berserker began the quest for the Orb.
     0 | D:1      | Reached XP level 1. HP: 18/18 MP: 1/1
   281 | D:1      | Gained mutation: You have large cloven feet. [demonic ancestry]
   281 | D:1      | Reached XP level 2. HP: 24/24 MP: 2/2
   967 | D:2      | Gained mutation: You sometimes gain a little power by taking damage. [demonic ancestry]
   967 | D:2      | Reached XP level 3. HP: 23/30 MP: 3/3
  1022 | D:2      | Reached ** piety under Trog
  1109 | D:2      | Noticed Sigmund
  1355 | D:2      | Found a runed door.
  1359 | D:2      | Noticed Crazy Yiuf
  1363 | D:2      | Killed Crazy Yiuf
  1363 | D:2      | Gained mutation: You are partially covered in large bone plates. (SH +4) [demonic ancestry]
  1363 | D:2      | Reached XP level 4. HP: 37/37 MP: 4/4
  1516 | D:2      | Noticed Jessica
  1523 | D:2      | Killed Sigmund
  1523 | D:2      | Reached skill level 4 in Fighting
  1523 | D:2      | Reached skill level 1 in Stealth
  1523 | D:2      | Reached XP level 5. HP: 43/43 MP: 5/5
  1527 | D:2      | Killed Jessica
  1527 | D:2      | Reached XP level 6. HP: 49/49 MP: 6/6
  1964 | D:3      | Noticed dscm's ghost (weakling OpNe)
  1968 | D:3      | Killed dscm's ghost
  2235 | D:3      | Reached skill level 1 in Maces & Flails
  2619 | D:3      | Found a shattered altar of Ashenzari.
  3007 | D:4      | Reached *** piety under Trog
  3108 | D:4      | Noticed Duvessa
  3117 | D:4      | Noticed Dowan
  3119 | D:4      | Killed Duvessa
  3119 | D:4      | Gained mutation: Your flesh is cold resistant. (rC+) [demonic ancestry]
  3119 | D:4      | Reached XP level 7. HP: 28/55 MP: 7/7
  3122 | D:4      | Noticed dscm's ghost (amateur OpNe)
  3124 | D:4      | Killed Dowan
  3137 | D:4      | Killed dscm's ghost
  3290 | D:4      | Found Wisecs's Antique Weapon Shoppe.
  3548 | D:5      | Entered Level 5 of the Dungeon
  3560 | D:5      | Reached skill level 5 in Fighting
  4002 | D:5      | Found an ornate altar of the Wu Jian Council.
  4002 | D:5      | Found a stormy altar of Qazlal.
  4073 | D:5      | Found a radiant altar of Vehumet.
  4107 | D:5      | Gained mutation: You have hoof-like feet. [demonic ancestry]
  4107 | D:5      | Reached XP level 8. HP: 55/62 MP: 8/8
  4210 | D:5      | Reached **** piety under Trog
  4718 | D:6      | Found a sparkling altar of Nemelex Xobeh.
  4870 | D:6      | Found a staircase to the Ecumenical Temple.
  4960 | D:6      | Reached skill level 6 in Fighting
  4964 | D:6      | Reached skill level 5 in Armour
  5137 | D:6      | Gained mutation: You are immune to freezing clouds. [demonic ancestry]
  5137 | D:6      | Reached XP level 9. HP: 63/69 MP: 9/9
  5323 | D:6      | Noticed dscm's ghost (weakling OpNe)
  5330 | D:6      | Killed dscm's ghost
  5728 | D:7      | Reached skill level 1 in Shields
  5810 | D:7      | Reached skill level 5 in Maces & Flails
  5917 | D:7      | Gained mutation: You have a beak for a mouth. [potion of mutation]
  5917 | D:7      | Gained mutation: You have a pair of small horns on your head. [potion of mutation]
  5985 | D:7      | Reached skill level 5 in Dodging
  5986 | D:7      | Found a shadowy altar of Dithmenos.
  6351 | D:7      | Reached skill level 5 in Stealth
  6576 | D:8      | Noticed a two-headed ogre
  6586 | D:8      | Killed a two-headed ogre
  6596 | D:8      | Noticed Joseph
  6615 | D:8      | Killed Joseph
  6615 | D:8      | Gained mutation: You sometimes gain power by taking damage. [demonic ancestry]
  6615 | D:8      | Reached XP level 10. HP: 26/77 MP: 10/10
  6625 | D:8      | Reached ***** piety under Trog
  6899 | D:8      | Found a basalt altar of Yredelemnul.
  6963 | D:8      | Found a hazy altar of Hepliaklqana.
  7026 | D:8      | Found a staircase to the Lair.
  7088 | D:8      | Noticed Prince Ribbit
  7094 | D:8      | Killed Prince Ribbit
  7094 | D:8      | Reached skill level 7 in Fighting
  7268 | D:9      | Noticed mopl's ghost (novice BaTm)
  7276 | D:9      | Killed mopl's ghost
  7525 | D:9      | Noticed Erica
  7535 | D:9      | Killed Erica
  7545 | D:9      | Reached skill level 5 in Shields
  7912 | D:9      | Found a basalt altar of Yredelemnul.
  7912 | D:9      | Noticed an orange demon
  7913 | D:9      | Noticed a rust devil
  7942 | D:9      | HP: 4/118 [red devil/demon trident of draining (4)]
  7944 | D:9      | Slain by a red devil

Skill      XL: |  1  2  3  4  5  6  7  8  9 10 |
---------------+-------------------------------+-----
Long Blades    | 3 |  3.7
Armour         | 2 3 5 6 |  6.7
Dodging        | 2 3 4 5 |  5.8
Fighting       | 4 5 6 7 |  7.3
Stealth        | 1 2 3 4 5 |  5.9
Maces & Flails | 2 3 4 5 6 |  6.1
Shields        | 3 5 |  5.3

Action                   |  1- 3 |  4- 6 |  7- 9 | 10-12 || total
-------------------------+-------+-------+-------+-------++-------
Melee: Falchion          |    62 |       |       |       ||    62
       Kick              |    17 |    30 |   107 |    43 ||   197
       Mace              |       |   163 |   303 |    90 ||   556
       Headbutt          |       |       |    21 |    32 ||    53
       Peck              |       |       |    15 |    26 ||    41
       Scimitar          |       |       |       |    38 ||    38
 Fire: Hunting sling     |     1 |       |       |       ||     1
Invok: Berserk           |     2 |     3 |     5 |     3 ||    13
       Burn Spellbooks   |       |       |     1 |     1 ||     2
       Brothers in Arms  |       |       |     1 |       ||     1
  Use: Scroll            |     2 |     3 |     7 |       ||    12
       Potion            |       |       |     2 |       ||     2
 Stab: Sleeping          |     2 |     5 |     3 |       ||    10
       Distracted        |       |     1 |       |       ||     1
  Eat: Chunk             |     2 |     8 |    17 |     7 ||    34
       Ration            |       |       |       |     1 ||     1
Armor: Animal skin       |    17 |    10 |       |       ||    27
       Ring mail         |       |    36 |    13 |       ||    49
       Chain mail        |       |       |    88 |       ||    88
       Plate armour      |       |       |    46 |    81 ||   127
Dodge: Dodged            |    60 |   124 |   121 |    15 ||   320
Block: Other             |       |    33 |    15 |       ||    48
       Large shield      |       |       |   184 |   159 ||   343
       Rpst.: Falchion   |    18 |       |       |       ||    18
